AoeStats
← AFG225

MegaRandom

509012444Analyzed
3v3 RM · 8d ago on Sep 25, 2026· 53m 5s· 6 players
Game mode
Random Map
Map size
Normal (6 player)
Population
200
Speed
Normal
Resources
Standard
Victory
Conquest
Starting age
Dark Age
Ending age
Imperial Age
RankedLock teamsTeams togetherTeam positionsShared explorationLock speedFull tech treeHidden civsTurbo modeCheats
Victory
Defeat
🇦🇷 Britons · Argentina
835
+13
🇦🇷 Bulgarians · Argentina
835
+13
🇦🇷 Magyars · Argentina
812
+14
🇺🇸 Romans · United States
820
-15
🇺🇸 Saxons · United States
801
-15
🇺🇸 Teutons · United States
690
-10
AFG225
0:48 Loom
14:44 Feudal Age
23:07 Padded Archer Armor
29:08 Fletching
29:58 Scale Mail Armor
36:04 Forging
40:59 Town Watch
misterstaff
8:20 Loom
11:06 Feudal Age
12:11 Double-Bit Axe
25:34 Castle Age
Glizzygirl10247
10:19 Feudal Age
11:21 Double-Bit Axe
11:39 Horse Collar
13:29 Wheelbarrow
18:37 Padded Archer Armor
24:16 Scale Mail Armor
25:16 Fletching
27:42 Forging
32:21 Castle Age
31:09 Man-at-Arms
33:04 Squires
33:32 Heavy Plow
34:11 Bow Saw
33:50 Long Swordsman
35:30 Leather Archer Armor
35:50 Bodkin Arrow
36:40 Chain Mail Armor
36:35 Pikeman
36:38 Elite Skirmisher
sauceBoyz'
8:08 Loom
10:00 Feudal Age
12:23 Double-Bit Axe
17:07 Loom
21:24 Castle Age
19:41 Horse Collar
20:53 Wheelbarrow
20:50 Fletching
21:01 Padded Archer Armor
21:42 Crossbowman
22:20 Town Watch
23:17 Heavy Plow
23:30 Bow Saw
23:53 Stone Mining
26:08 Bodkin Arrow
26:29 Leather Archer Armor
27:25 Ballistics
28:51 Hand Cart
28:22 Treadmill Crane
32:09 Gold Mining
34:43 Gold Shaft Mining
38:22 Imperial Age
36:12 Loom
39:30 Bracer
40:34 Chemistry
40:06 Ring Archer Armor
41:19 Yeomen
41:52 Conscription
43:23 Elite Longbowman
45:13 Warwolf
46:55 Caravan
50:34 Spies/Treason
CAIPIROSKA
10:45 Feudal Age
12:41 Double-Bit Axe
13:17 Bloodlines
23:24 Castle Age
27:29 Stone Mining
27:30 Gold Mining
28:52 Pikeman
29:19 Arson
29:44 Light Cavalry
30:25 Husbandry
30:45 Scale Barding Armor
30:31 Fletching
30:45 Horse Collar
34:11 Bodkin Arrow
39:35 Corvinian Army
42:14 Wheelbarrow
41:46 Gold Mining
46:32 Heavy Plow
50:48 Imperial Age
Pola.10
7:54 Loom
11:57 Feudal Age
14:07 Double-Bit Axe
17:45 Arson
23:22 Castle Age
21:46 Gold Mining
23:06 Scale Mail Armor
23:17 Forging
24:06 Horse Collar
24:33 Squires
27:02 Wheelbarrow
27:13 Fletching
27:39 Chain Mail Armor
28:00 Iron Casting
27:31 Gambesons
27:56 Murder Holes
29:16 Town Watch
32:18 Stone Mining
33:19 Elite Skirmisher
34:11 Bodkin Arrow
34:19 Padded Archer Armor
39:02 Ballistics
39:47 Stirrups
40:16 Heavy Plow
40:30 Bow Saw
40:58 Hand Cart
42:08 Gold Shaft Mining
42:10 Stone Shaft Mining
42:04 Thumb Ring
44:20 Leather Archer Armor
44:12 Town Patrol
52:06 Imperial Age
51:29 Scale Barding Armor
52:23 Spies/Treason
Connection lost

Rejoining the realm…

Still unreachable

The connection could not be restored.

Session expired

The server has moved on; the page needs a fresh start.